 Dungeon Crawl Stone Soup version 0.22.1-1-ga44c0e5 (webtiles) character file.

2999 Stepladder the Nimble (level 9, -5/72 HPs)
             Began as a Merfolk Gladiator on Oct 5, 2018.
             Was a Believer of Okawaru.
             Slain by Harold
             ... wielding a +1 battleaxe of freezing
              (10 damage)
             ... on level 7 of the Dungeon.
             The game lasted 00:23:32 (8543 turns).

Stepladder the Nimble (Merfolk Gladiator)           Turns: 8543, Time: 00:23:33

Health: -5/72      AC:  9    Str: 20    XL:     9   Next: 84%
Magic:  18/18      EV: 19    Int:  8    God:    Okawaru [**....]
Gold:   401        SH:  0    Dex: 16    Spells: 8/8 levels left

rFire    + . .     SeeInvis .   a - +2 long sword (freeze)
rCold    x . .     Gourm    .   (no shield)
rNeg     . . .     Faith    .   q - +0 ring mail
rPois    .         Spirit   .   c - +1 helmet
rElec    .         Reflect  .   A - +1 cloak
rCorr    .         Harm     .   (no gloves)
MR       ++...                  (no boots)
Stlth    +.........             (no amulet)
HPRegen  0.22/turn              h - +4 ring of slaying
MPRegen  0.16/turn              E - ring of Sioxkioh {Fire MR++ MP+9 Str+4}

@: about to teleport, marked
A: change form in water, swift swim, stealthy swim
a: Heroism, Renounce Religion


You were on level 7 of the Dungeon.
You worshipped Okawaru.
Okawaru was pleased with you.
You were hungry.

You visited 2 branches of the dungeon, and saw 8 of its levels.
You also visited: Sewer.

You collected 401 gold pieces.

Inventory:

Hand Weapons
 a - a +2 long sword of freezing (weapon)
 l - a +1 hunting sling of freezing
 t - a +0 blowgun
Missiles
 s - 237 stones (quivered)
 w - a poisoned needle
 B - 43 sling bullets
Armour
 c - a +1 helmet (worn)
 q - a +0 ring mail (worn)
 A - a +1 cloak (worn)
Jewellery
 h - a +4 ring of slaying (left hand)
 E - the ring of Sioxkioh (right hand) {Fire MR++ MP+9 Str+4}
   (You found it on level 5 of the Dungeon)

   [ring of fire]

   It enhances your fire magic.
   It affects your strength (+4).
   It protects you from fire.
   It makes you vulnerable to cold.
   It affects your resistance to hostile enchantments.
   It affects your magic capacity (+9).
Wands
 u - a wand of flame (19)
 C - a wand of disintegration (11)
 F - a wand of enslavement (13)
Scrolls
 b - 3 scrolls of fog
 g - 3 scrolls of amnesia
 k - 4 scrolls of teleportation
 m - 3 scrolls of enchant armour
 y - 2 scrolls of identify
 z - a scroll of magic mapping
Potions
 d - a potion of lignification {unknown}
 e - 2 potions of mutation {unknown}
 i - 4 potions of curing {unknown}
 j - 2 potions of haste
 n - 4 potions of agility {unknown}
 o - 3 potions of heal wounds
 p - 3 potions of flight {unknown}
 r - 3 potions of might
 v - a potion of resistance {unknown}
 x - 3 potions of brilliance {unknown}
 D - a potion of degeneration {unknown}
 G - a potion of cancellation {unknown}
Comestibles
 f - 13 rations


   Skills:
 + Level 7.2 Fighting
 + Level 7.6 Long Blades
 - Level 2.0 Throwing
 - Level 3.0 Armour
 * Level 12.0 Dodging


You had 8 spell levels left.
You didn't know any spells.
Your spell library was empty.

Dungeon Overview and Level Annotations

Branches:
Dungeon (7/15)             Temple (1/1) D:4

Altars:
Ashenzari
Cheibriados
Dithmenos
Elyvilon
Fedhas
Gozag
Kikubaaqudgha
Nemelex Xobeh
Okawaru
Qazlal
Ru
Sif Muna
Trog
Uskayaw
Vehumet
Wu Jian
Xom
Yredelemnul
The Shining One

Annotations:
D:5 Grinder
D:7 Harold


Message History

Harold freezes you.
* * * LOW HITPOINT WARNING * * *
You slash Harold! You freeze Harold.
Harold is moderately wounded.
Harold hits you but does no damage. The scorpion barely misses you.
You hit Harold but do no damage.
Harold is moderately wounded.
Harold looks eager to get this over with.
Harold hits you with a battleaxe of freezing.
* * * LOW HITPOINT WARNING * * *
Harold freezes you.
* * * LOW HITPOINT WARNING * * *
As you read the scroll of teleportation, it crumbles to dust.
You feel strangely unstable.
You slash Harold! You freeze Harold.
Harold is severely wounded.
Harold hits you with a battleaxe of freezing!
* * * LOW HITPOINT WARNING * * *
Harold freezes you!
You die...

#.## ######)s.##
#..## ###.##
#..###......###
#...###..##
#...........#
##........#
########....#
#....###### # #....#
###..####.### ##
##....# ##.........
.######.....##
#)....##.<
........#....######
##...#####
#....####......#@@##
#....>##
##....#....#######s##
#.###..##
##......[..# #..# #..
#.).# #..######..##
#..# ##.###..## ..##
##..######..#
#.##...# ..#
#..@......## #......#
.#### ##..########
##.....#
#...#####..##
########......#
#...........#
#.............#


You could see Harold and a scorpion.

Vanquished Creatures
  Sigmund (D:6)
  Edmund (D:6)
  Duvessa (D:7)
  A sky beast (D:5)
  An orc warrior (D:5)
  2 ice beasts (D:7)
  A phantom (D:6)
  A crocodile (D:7)
  3 centaurs
  A big kobold (Sewer)
  3 bullfrogs (D:7)
  A wyvern zombie (D:7)
  Dowan (D:7)
  A scorpion (D:6)
  9 crimson imps
  A hound (D:7)
  A centaur zombie (D:6)
  A jelly (D:7)
  2 centaur skeletons (D:7)
  3 orc priests
  A bullfrog skeleton (D:6)
  5 orc wizards (D:5)
  An iguana (D:6)
  9 worker ants
  A hound skeleton (D:6)
  3 gnolls (D:4)
  8 adders
  5 oozes
  An adder skeleton (D:2)
  2 worms
  2 dart slugs
  7 leopard geckos
  14 orcs
  6 ball pythons
  7 bats
  A bat skeleton (D:2)
  11 giant cockroaches
  7 goblins
  4 hobgoblins
  4 jackals (D:4)
  16 kobolds
  3 quokkas
  7 frilled lizards
  2 giant cockroach zombies
  A jackal skeleton (D:2)
  2 leopard gecko skeletons
  A leopard gecko zombie (D:2)
  2 quokka skeletons
  A quokka zombie (D:2)
  8 rats
178 creatures vanquished.

Notes
Turn   | Place    | Note
-------+----------+-------------------------------------------
     0 | D:1      | Stepladder the Merfolk Gladiator began the quest for the
                  | Orb.
     0 | D:1      | Reached XP level 1. HP: 16/16 MP: 1/1
   238 | D:1      | Reached XP level 2. HP: 21/23 MP: 2/2
   747 | D:1      | Reached XP level 3. HP: 28/28 MP: 3/3
  1027 | D:2      | Reached skill level 5 in Dodging
  1050 | D:2      | Found a shattered altar of Ashenzari.
  1355 | D:2      | Found a faded altar of an unknown god.
  1462 | D:2      | Reached XP level 4. HP: 34/34 MP: 4/4
  2087 | D:3      | Found a glowing drain.
  2093 | Sewer    | Entered a sewer
  2234 | Sewer    | Reached XP level 5. HP: 41/41 MP: 5/5
  2252 | Sewer    | Noticed a big kobold
  2276 | Sewer    | Killed a big kobold
  2276 | Sewer    | Reached skill level 1 in Armour
  2276 | Sewer    | Reached skill level 6 in Dodging
  2581 | D:3      | Found a shadowy altar of Dithmenos.
  2752 | D:3      | Found a basalt altar of Yredelemnul.
  3134 | D:3      | Found a white marble altar of Elyvilon.
  3225 | D:4      | Reached XP level 6. HP: 42/47 MP: 6/6
  3537 | D:4      | Found a hide-covered altar of Uskayaw.
  3680 | D:4      | Reached skill level 7 in Dodging
  3943 | D:4      | Found a deep blue altar of Sif Muna.
  4068 | D:4      | Found a bloodstained altar of Trog.
  4085 | D:4      | Found a staircase to the Ecumenical Temple.
  4094 | Temple   | Entered the Ecumenical Temple
  4435 | D:5      | Entered Level 5 of the Dungeon
  4616 | D:5      | Noticed Grinder
  4616 | D:5      | Paralysed by Grinder for 4 turns
  4744 | D:5      | Reached XP level 7. HP: 41/54 MP: 7/7
  4831 | D:5      | Got a slimy copper ring
  4832 | D:5      | Identified the ring of Sioxkioh {Fire MR++ MP+9 Str+4} (You
                  | found it on level 5 of the Dungeon)
  5320 | D:5      | Reached skill level 5 in Long Blades
  5450 | D:5      | Reached skill level 8 in Dodging
  5636 | D:5      | Found an opulent altar of Gozag.
  5869 | D:6      | Reached XP level 8. HP: 28/61 MP: 8/8
  6229 | D:5      | Reached skill level 5 in Fighting
  6279 | Temple   | Became a worshipper of Warmaster Okawaru
  6417 | D:6      | Noticed Edmund
  6426 | D:6      | Killed Edmund
  6426 | D:6      | Reached skill level 9 in Dodging
  6703 | D:5      | HP: 3/62 [orc warrior/long sword of freezing (7)]
  6898 | D:6      | Reached * piety under Okawaru
  7001 | D:6      | Noticed Sigmund
  7056 | D:6      | Killed Sigmund
  7056 | D:6      | Reached skill level 10 in Dodging
  7148 | D:6      | Reached XP level 9. HP: 69/69 MP: 9/9
  7333 | D:6      | Found a radiant altar of Vehumet.
  7333 | D:6      | Found a shimmering altar of Xom.
  7459 | D:6      | Found a stormy altar of Qazlal.
  7754 | D:7      | Noticed Duvessa
  7755 | D:7      | Noticed Dowan
  7767 | D:7      | Killed Duvessa
  7774 | D:7      | Killed Dowan
  7862 | D:7      | Found a sacrificial altar of Ru.
  7874 | D:7      | Reached ** piety under Okawaru
  7874 | D:7      | Reached skill level 11 in Dodging
  8221 | D:7      | Reached skill level 12 in Dodging
  8476 | D:7      | Noticed Harold
  8543 | D:7      | Slain by Harold

Skill      XL: |  1  2  3  4  5  6  7  8  9 |
---------------+----------------------------+-----
Dodging        | 5 6 7 8 10 12 | 12.0
Fighting       | 3 4 5 7 |  7.2
Long Blades    | 4 5 6 7 |  7.6
Armour         | 1 2 3 |  3.0
Throwing       | |  2.0

Action                   |  1- 3 |  4- 6 |  7- 9 || total
-------------------------+-------+-------+-------++-------
Melee: Long sword        |   107 |   199 |   225 ||   531
       Tailslap          |       |     6 |       ||     6
 Fire: Blowgun           |       |     5 |     4 ||     9
Throw: Throwing net      |       |     3 |       ||     3
       Stone             |       |     2 |    14 ||    16
  Use: Scroll            |       |    11 |     6 ||    17
       Potion            |       |       |     3 ||     3
 Stab: Sleeping          |     1 |       |       ||     1
       Held in net/web   |       |     2 |       ||     2
  Eat: Chunk             |     2 |    10 |    12 ||    24
Armor: Leather armour    |    19 |       |       ||    19
       Ring mail         |    19 |    52 |    77 ||   148
Dodge: Dodged            |    84 |   161 |   177 ||   422
       Rpst.: Long sword |    24 |    50 |    53 ||   127
